 Dungeon Crawl Stone Soup version 0.14-a0-3167-gc8df72d (webtiles) character file.

2640 jonas the Basher (level 9, -4/59 HPs)
             Began as a Gargoyle Monk on Mar 10, 2014.
             Was a Priest of Okawaru.
             Slain by an orc warrior
             ... wielding a +0,+0 war axe
              (13 damage)
             ... on Level 7 of the Dungeon.
             The game lasted 01:18:30 (9149 turns).

jonas the Basher (Gargoyle Monk)                    Turns: 9149, Time: 01:18:30

HP  -4/59        AC 18     Str 17      XL: 9   Next: 37%
MP   0/9         EV 12     Int 12      God: Okawaru [***...]
Gold 391         SH  0     Dex 12      Spells:  0 memorised,  8 levels left

rFire  . . .     SeeInvis .     b - +2,+0 flail
rCold  . . .     Clarity  .     d - +3 ring mail
rNeg   + . .     Conserve .     (no shield)
rPois  +         rCorr    .     (no helmet)
rElec  +         rRot     +     (no cloak)
SustAb . .       Spirit   +     G - +1 pair of gloves
rMut   .         Warding  .     (no boots)
Saprov . . .     Stasis   .     t - amulet of guardian spirit
MR     .....                    (no ring)
                                (no ring)

@: about to teleport, heroism, not resistant to hostile enchantments, stealthy
A: life protection 1, electricity resistance, unbreathing, petrification
resistance, AC +5
a: Heroism, Renounce Religion


You were on level 7 of the Dungeon.
You worshipped Okawaru.
Okawaru was most pleased with you.
You were not hungry.

You visited 1 branch of the dungeon, and saw 8 of its levels.

You collected 391 gold pieces.

Inventory:

Hand weapons
 a - a +2,+2 sling
 b - a +2,+0 flail (weapon)
 k - a +2,+0 sling of flame
 w - a +1,+1 whip
Missiles
 p - 5 silver darts (quivered)
 x - 40 stones
 A - 61 sling bullets
Armour
 d - a +3 ring mail (worn)
 G - a +1 pair of gloves (worn)
 L - a +0 plate armour
Magical devices
 j - a wand of fire (6)
 I - a wand of fire (5)
 K - a wand of polymorph (14) {unknown}
Comestibles
 f - a choko
 h - 7 meat rations
 y - 6 bread rations
 E - 2 rotting chunks of black bear flesh
 J - 6 beef jerkies
Scrolls
 i - a scroll of enchant armour
 m - a scroll of fear
 q - 4 scrolls of identify
 z - a scroll of enchant weapon II {unknown}
 F - 2 scrolls of remove curse
Jewellery
 g - an uncursed amulet of conservation
 t - an amulet of guardian spirit (around neck)
 D - an uncursed ring of poison resistance {unknown}
Potions
 c - a potion of brilliance {unknown}
 e - a potion of curing {unknown}
 l - a potion of agility {unknown}
 n - 2 potions of heal wounds {unknown}
 o - 2 potions of restore abilities {unknown}
 s - a potion of magic {unknown}
 v - a potion of degeneration {unknown}
 B - a potion of lignification {unknown}
 C - 2 potions of mutation
 H - a potion of resistance {unknown}
Books
 r - a book of the Dragon

   Spells                             Type                      Level
   Flight                             Charms/Air                   3
   Cause Fear                         Hexes                        4
   Bolt of Fire                       Conjuration/Fire             6
   Dragon Form                        Transmutation                7
   Dragon's Call                      Summoning                    9


   Skills:
 - Level 7.9(12.9) Fighting
 + Level 8.4(13.4) Maces & Flails
 - Level 7.3(12.3) Armour
 - Level 2.4(7.4) Dodging
 - Level 2.1(7.1) Stealth
 - Level 4.3(9.3) Unarmed Combat


You had 8 spell levels left.
You didn't know any spells.

Dungeon Overview and Level Annotations

Branches:
Dungeon (8/16)             Temple (0/1) D:7
   Lair: D:8-11

Altars:
Ashenzari
Cheibriados
Elyvilon
Fedhas
Kikubaaqudgha
Okawaru
Sif Muna
Trog
Vehumet
Xom
Yredelemnul
Zin

Annotations:
D:5 exclusion: steam dragon
D:8 Grum


Innate Abilities, Weirdness & Mutations

You are resistant to torment.
You are immune to poison.
Your stone body is very resilient (AC +5).
You resist negative energy.
You are resistant to electric shocks.
You can survive without breathing.
You are immune to petrification.


Message History

You closely miss the orc warrior.
The orc warrior hits you with a war axe.
The orc wizard hits you but does no damage.
You hit the orc warrior but do no damage.
Your punch misses the orc warrior.
The orc wizard gestures at you while chanting.
The puff of flame hits you!
One of your 2 scrolls labeled KHU TINABYXITT catches fire!
You closely miss the orc warrior. Your punch misses the orc warrior.
The orc warrior hits you with a war axe!
* * * LOW HITPOINT WARNING * * *
Drink which item? (? for menu, Esc to quit)
Okay, then.
Read which item? (? for menu, Esc to quit)
As you read the scroll of teleportation, it crumbles to dust.
You feel strangely unstable.
The orc wizard gestures wildly while chanting.
The orc wizard seems to speed up.
The orc warrior hits you with a war axe!
You die...

#############
##...........#
#.%..........# #####
##.###.......# #...#
##.###......#####...#####
#.###.o@..%........'[...
###.##..o....####...#####
#.(.##..........#...#
#)ยง%##.......##.#...#
#..%##.......##[#...#
######.......##.#...#
###+######.#...# #.#
#....##### #.# #....#


You could see an orc warrior and an orc wizard.

Vanquished Creatures
  A wolf (D:7)
  A hippogriff (D:7)
  2 black bears
  An orc warrior (D:8)
  A sky beast (D:5)
  2 ogres
  Duvessa (D:7)
  A big kobold (D:3)
  3 centaurs
  2 giant frogs (D:7)
  2 elf skeletons (D:6)
  3 scorpions
  Dowan (D:7)
  A crimson imp (D:6)
  A goliath beetle (D:7)
  2 human zombies (D:6)
  6 orc wizards
  A giant frog skeleton (D:4)
  3 hounds
  An iguana (D:4)
  A worker ant (D:6)
  A scorpion zombie (D:6)
  A worker ant zombie (D:6)
  2 adders
  4 gnolls
  4 green rats (D:5)
  3 worms
  An adder skeleton (D:4)
  A giant eyeball (D:4)
  3 giant geckos
  17 orcs
  10 bats
  3 giant cockroaches
  24 hobgoblins
  9 kobolds
  2 quokkas
  A ball python (D:5)
  7 giant newts
  33 goblins
  A jackal (D:3)
  3 orc skeletons
  An orc zombie (D:6)
  14 rats
  A rat skeleton (D:4)
  3 plants (D:5)
186 creatures vanquished.

Vanquished Creatures (others)
  A plant (D:5)
1 creature vanquished.

Grand Total: 187 creatures vanquished

Notes
Turn   | Place    | Note
--------------------------------------------------------------
     0 | D:1      | jonas, the Gargoyle Monk, began the quest for the Orb.
     0 | D:1      | Reached XP level 1. HP: 14/14 MP: 1/1
    67 | D:1      | Reached skill level 1 in Armour
   337 | D:1      | Reached XP level 2. HP: 19/19 MP: 2/2
   575 | D:1      | Reached skill level 1 in Maces & Flails
   959 | D:2      | Found a shattered altar of Ashenzari.
  1018 | D:2      | Found a basalt altar of Yredelemnul.
  1019 | D:2      | Found a shimmering altar of Xom.
  1079 | D:2      | Reached XP level 3. HP: 23/23 MP: 3/3
  2098 | D:3      | Found an ancient bone altar of Kikubaaqudgha.
  2138 | D:3      | Noticed an ogre
  2197 | D:3      | Found a white marble altar of Elyvilon.
  2198 | D:3      | Found a glowing silver altar of Zin.
  2350 | D:3      | Reached XP level 4. HP: 23/28 MP: 4/4
  3034 | D:3      | Reached XP level 5. HP: 24/32 MP: 5/5
  3191 | D:3      | Noticed a big kobold
  3191 | D:3      | Noticed a big kobold
  3191 | D:3      | Noticed a big kobold
  3191 | D:3      | Noticed a big kobold
  3191 | D:3      | Noticed a big kobold
  3191 | D:3      | Noticed a big kobold
  3616 | D:4      | Reached skill level 5 in Maces & Flails
  4105 | D:2      | Found an iron altar of Okawaru.
  4110 | D:2      | Became a worshipper of Warmaster Okawaru
  4110 | D:2      | Acquired Okawaru's first power
  4149 | D:3      | Killed a big kobold
  4149 | D:3      | Reached skill level 6 in Maces & Flails
  4149 | D:3      | Reached XP level 6. HP: 33/37 MP: 4/6
  4403 | D:4      | Paralysed by a giant eyeball for 4 turns
  4689 | D:5      | Entered Level 5 of the Dungeon
  4919 | D:5      | Reached skill level 7 in Maces & Flails
  5125 | D:5      | Reached XP level 7. HP: 36/41 MP: 5/7
  5397 | D:5      | Found a snail-covered altar of Cheibriados.
  5436 | D:5      | Reached skill level 8 in Maces & Flails
  5559 | D:5      | Noticed a steam dragon
  6113 | D:6      | Found a bloodstained altar of Trog.
  6572 | D:6      | Reached XP level 8. HP: 40/48 MP: 8/8
  7114 | D:6      | Reached skill level 5 in Fighting
  7586 | D:7      | Found a deep blue altar of Sif Muna.
  7615 | D:7      | Found a radiant altar of Vehumet.
  7770 | D:7      | Found a blossoming altar of Fedhas.
  7857 | D:7      | Reached skill level 5 in Armour
  7897 | D:7      | Found an iron altar of Okawaru.
  7923 | D:7      | Found a staircase to the Ecumenical Temple.
  8197 | D:7      | Noticed Duvessa
  8197 | D:7      | Noticed Dowan
  8222 | D:7      | Killed Dowan
  8236 | D:7      | Killed Duvessa
  8236 | D:7      | Reached XP level 9. HP: 43/56 MP: 0/9
  8515 | D:8      | Noticed Grum
  9149 | D:7      | Slain by an orc warrior

Action                   |  1- 3 |  4- 6 |  7- 9 || total
-------------------------+-------+-------+-------++-------
Melee: Unarmed           |   154 |    18 |       ||   172
       Whip              |    11 |   448 |   448 ||   907
       Flail             |       |       |   168 ||   168
 Fire: Sling             |    12 |    31 |    19 ||    62
Invok: Heroism           |       |     2 |    13 ||    15
Evoke: Wand              |       |       |     2 ||     2
  Use: Scroll            |       |    10 |     7 ||    17
 Stab: Sleeping          |       |       |     3 ||     3
       Distracted        |       |       |     1 ||     1
